 Dungeon Crawl Stone Soup version 0.28-a0-563-gf77a47075d (webtiles) character file.

Game seed: 14423070086860068462

132374 iamoutofideas the Executioner (level 17, -10/170 HPs)
             Began as a Hill Orc Gladiator on Oct 1, 2021.
             Was an Initiate of Gozag.
             Mangled by a two-headed ogre (20 damage)
             ... on level 14 of the Dungeon.
             The game lasted 00:53:38 (36573 turns).

iamoutofideas the Executioner (Hill Orc Gladiator) Turns: 36573, Time: 00:53:40

Health: -10/170    AC: 20    Str: 32    XL:     17   Next: 12%
Magic:  17/17      EV: 11    Int:  8    God:    Gozag
Gold:   2435       SH:  0    Dex: 12    Spells: 11/16 levels left

rFire   . . .      SeeInvis +   v - +5 battleaxe (vamp)
rCold   + + .      Faith    .   (shield currently unavailable)
rNeg    . . .      Spirit   .   h - +0 plate armour
rPois   .          Reflect  .   I - +2 hat {SInv}
rElec   .          Harm     .   B - +1 cloak of Limited Liability {rC+ Will+ Str+4}
rCorr   .          Rampage  .   b - +0 pair of gloves "Fabihu Xucu" {Will++ Str+2}
Will    ++++.                   e - +0 pair of boots
Stlth   ..........              m - amulet of regeneration
HPRegen 1.38/turn               P - ring of protection from cold
MPRegen 0.15/turn               (no ring)

@: no status effects
A: horns 1, deformed body, strong 1
a: Renounce Religion, Potion Petition, Call Merchant, Bribe Branch


You were on level 14 of the Dungeon.
You worshipped Gozag.
Gozag was most pleased with you.
You visited 4 branches of the dungeon, and saw 24 of its levels.
You also visited: Bailey and Ice Cave.

You collected 9144 gold pieces.
You spent 606 gold pieces at shops.
You paid 6103 gold pieces to Gozag.

Inventory:

Hand Weapons
 p - the +8 frozen axe "Frostbite" {freezing cloud, *Noise Fly rC+}
   (You found it on level 1 of the Lair of Beasts)

   It freezes those it strikes, dealing additional cold damage.
   It can also slow down cold-blooded creatures.
   It occasionally leaves clouds of freezing vapour upon striking a foe.
   It grants immunity to clouds of freezing vapour.
   rC:        It protects you from cold.
   Fly:       It grants you flight.
   *Noise:    It may make noises in combat.
 v - a +5 vampiric battleaxe (weapon)
 U - a +3 broad axe of freezing
 V - the +1 battleaxe of Disintegration {flame, rC+ Str-3 Int+3}
   (You found it on level 5 of the Lair of Beasts)

   It burns those it strikes, dealing additional fire damage.
   Big, fiery blades are also staple armaments of hydra-hunters.
   Str:       It affects your strength (-3).
   Int:       It affects your intelligence (+3).
   rC:        It protects you from cold.
Missiles
 d - 4 throwing nets (quivered)
 F - 6 atropa-tipped darts
 J - 2 curare-tipped darts
Armour
 b - the +0 pair of gloves "Fabihu Xucu" (worn) {Will++ Str+2}
   (You bought it in a shop on level 9 of the Dungeon)

   Str:       It affects your strength (+2).
   Will:      It greatly increases your willpower.
 c - a +2 helmet
 e - a +0 pair of boots (worn)
 h - a +0 plate armour (worn)
 o - a +2 pair of gloves
 u - a +2 leather armour of poison resistance
 A - a +2 robe of resistance
 B - the +1 cloak of Limited Liability (worn) {rC+ Will+ Str+4}
   (You bought it in a shop on level 9 of the Dungeon)

   Str:       It affects your strength (+4).
   rC:        It protects you from cold.
   Will:      It increases your willpower.
 I - a +2 hat of see invisible (worn)
 O - a +0 buckler of cold resistance
 Q - +0 ice dragon scales
Jewellery
 m - an amulet of regeneration (around neck)
 t - a +4 ring of protection
 w - an amulet of the acrobat
 G - a ring of see invisible
 P - a ring of protection from cold (left hand)
 Y - a +4 ring of evasion
Wands
 j - a wand of flame (92)
 k - a wand of charming (16)
 q - a wand of mindburst (32)
 x - a wand of digging (10)
 y - a wand of polymorph (24)
 R - a wand of iceblast (16)
 S - a wand of acid (5)
Scrolls
 a - 6 scrolls of identify
 i - 6 scrolls of teleportation
 n - 2 scrolls of fog
 r - 3 scrolls of enchant armour
 C - a scroll of holy word
 D - 5 scrolls of magic mapping
 E - a scroll of silence
 K - a scroll of immolation
Potions
 f - 3 potions of attraction
 g - 2 potions of might
 l - 7 potions of lignification
 s - 2 potions of brilliance
 z - 6 potions of flight
 H - 3 potions of cancellation
 L - a potion of berserk rage
 N - 2 potions of invisibility
 T - 2 potions of heal wounds
 W - 3 potions of curing
 X - a potion of haste
Miscellaneous
 M - a condenser vane


   Skills:
 + Level 20.0 Fighting
 - Level 2.9 Long Blades
 - Level 24.0 Axes
 + Level 1.7 Throwing
 + Level 16.6 Armour
 + Level 6.0 Dodging


You had 11 spell levels left.
You knew the following spells:

 Your Spells              Type           Power      Damage    Failure   Level
a - Blink                 Tloc           N/A        N/A       96%         2
b - Mephitic Cloud        Conj/Pois/Air  0%         N/A       99%         3

Your spell library contained the following spells:

 Spells                   Type           Power      Damage    Failure   Level
 Beastly Appendage        Tmut           0%         N/A       89%         1
 Freeze                   Ice            0%         1d3       89%         1
 Magic Dart               Conj           0%         1d3       89%         1
 Sandblast                Erth           0%         2d4       89%         1
 Sting                    Tmut/Pois      0%         1d3       89%         1
 Call Imp                 Summ           0%         N/A       96%         2
 Corpse Rot               Necr/Air       N/A        N/A       96%         2
 Ensorcelled Hibernation  Hex/Ice        0%         N/A       96%         2
 Passwall                 Tmut/Erth      0%         N/A       96%         2
 Poisonous Vapours        Pois/Air       0%         N/A       96%         2
 Searing Ray              Conj           0%         2d4       96%         2
 Static Discharge         Conj/Air       0%         N/A       96%         2
 Sublimation of Blood     Necr           0%         N/A       96%         2
 Wereblood                Tmut           0%         N/A       96%         2
 Conjure Flame            Conj/Fire      0%         6-21      99%         3
 Dazzling Flash           Conj/Hex       0%         N/A       99%         3
 Frozen Ramparts          Ice            0%         1d2       99%         3
 Ignite Poison            Fire/Tmut/Pois 0%         N/A       99%         3
 Inner Flame              Hex/Fire       0%         N/A       99%         3
 Lesser Beckoning         Tloc           0%         N/A       99%         3
 Spider Form              Tmut/Pois      0%         N/A       99%         3
 Stone Arrow              Conj/Erth      0%         3d7       99%         3
 Animate Armour           Summ/Erth      0%         N/A       100%        4
 Cause Fear               Hex            0%         N/A       100%        4
 Dispel Undead            Necr           0%         3d6       100%        4
 Fulminant Prism          Conj/Hex       0%         3d6       100%        4
 Hailstorm                Conj/Ice       0%         3d3       100%        4
 Ice Form                 Ice/Tmut       0%         N/A       100%        4
 Iskenderun's Mystic Bla  Conj/Tloc      0%         2d3       100%        4
 Olgreb's Toxic Radiance  Pois           0%         N/A       100%        4
 Petrify                  Tmut/Erth      0%         N/A       100%        4
 Sticky Flame             Conj/Fire      0%         2d3       100%        4
 Summon Ice Beast         Ice/Summ       0%         N/A       100%        4
 Excruciating Wounds      Necr           0%         N/A       100%        5
 Freezing Cloud           Conj/Ice/Air   0%         6-21      100%        5
 Irradiate                Conj/Tmut      0%         3d14      100%        5
 Manifold Assault         Tloc           0%         N/A       100%        5
 Summon Forest            Summ/Tloc      0%         N/A       100%        5
 Death Channel            Necr           0%         N/A       100%        6
 Eringya's Noxious Bog    Tmut/Pois      0%         N/A       100%        6
 Starburst                Conj/Fire      0%         6d3       100%        6
 Dragon Form              Tmut           0%         N/A       100%        7
 Haunt                    Necr/Summ      0%         N/A       100%        7
 Summon Hydra             Summ           0%         N/A       100%        7
 Discord                  Hex            0%         N/A       100%        8
 Lehudib's Crystal Spear  Conj/Erth      0%         10d2      100%        8
 Necromutation            Tmut/Necr      0%         N/A       100%        8
 Dragon's Call            Summ           0%         N/A       100%        9
 Polar Vortex             Ice            0%         N/A       100%        9


Dungeon Overview and Level Annotations

Branches:
Dungeon (15/15)            Temple (1/1) D:6            Lair (6/6) D:9
 Shoals (0/4) Lair:3       Spider (0/4) Lair:3        Slime (0/5) Lair:6
    Orc (2/2) D:12            Elf (0/3) Orc:2        Vaults (0/5) D:14
 Depths (0/4) D:15         Bailey (visited)           IceCv (visited)

Altars:
Ashenzari
Cheibriados
Dithmenos
Elyvilon
Fedhas
Gozag
Hepliaklqana
Kikubaaqudgha
Makhleb
Nemelex Xobeh
Okawaru
Qazlal
Ru
Sif Muna
Trog
Uskayaw
Vehumet
Wu Jian
Xom
Yredelemnul
Zin
The Shining One
Jiyva

Shops:
D:6 (   D:9 =[*   D:10 *   Orc:2 *:[

Portals:
Pandemonium: Orc:2
Trove: D:14 (show abyssal rune of Zot)

Annotations:
D:2 exclusion: downstairs
D:4 exclusion: 2 downstairs
D:7 exclusion: downstairs
D:11 exclusion: downstairs
D:14 1 transporter, Jeschemp's ghost, journeyman MiBe
Lair:6 1 runed translucent door


Innate Abilities, Weirdness & Mutations

You have a pair of small horns on your head.
Armour fits poorly on your strangely shaped body.
Your muscles are strong. (Str +2)


Message History

You are too injured to fight recklessly!
You are too injured to fight recklessly!
Unknown command.
You barely miss the two-headed ogre.
The two-headed ogre is heavily wounded.
You slash Jeschemp's ghost! You barely miss the two-headed ogre.
You chop the fire giant into pieces!!!
You feel better.
The two-headed ogre hits you with a +0 giant club.
The two-headed ogre completely misses you.
Jeschemp's ghost hits you but does no damage.
The fire giant hits you with the +7 great mace of Infinity {flame, rPois rF+}!!!
* * * LOW HITPOINT WARNING * * *
The fire giant burns you!
* * * LOW HITPOINT WARNING * * *
Unknown command.
Unknown command.
You slice the two-headed ogre!!
The two-headed ogre is heavily wounded.
You barely miss the fire giant. You slash the two-headed ogre!
You feel better.
You closely miss Jeschemp's ghost. Jeschemp's ghost hits you!
* * * LOW HITPOINT WARNING * * *
The two-headed ogre barely misses you.
The two-headed ogre hits you with a +0 giant spiked club!
* * * LOW HITPOINT WARNING * * *
Okay, then.
Okay, then. [a] - 336 gold - curing, magic and heal wounds [b] - 200 gold - haste [c] - 299 gold - heal wounds and magic Purchase which effect?
You feel better. Magic courses through your body.
You feel much better.
The fire giant hits you with the +7 great mace of Infinity {flame, rPois rF+}!
* * * LOW HITPOINT WARNING * * *
The fire giant burns you.
* * * LOW HITPOINT WARNING * * *
The two-headed ogre hits you with a +0 giant spiked club!
* * * LOW HITPOINT WARNING * * *
The two-headed ogre hits you with a +0 giant club!!
You die...
Your body crumbles into a pile of gold.

#........#######....######'##
#####.................<.#........
.......(..#####.........#........
..........#...#.........#........
..........'...#.........#........
######'#..#############.######'##
.......#..#.....©....©#..........
.......#..#.#..#.#..#.#..........
.......#..#..##O@O##..#...#######
.......#..#..##COW##..#...'......
.......#..#.#.O#.#..#.#...'......
.......#..#....|.:!...#...'......
....####..#############...#......
#..............©.©........#......
##.#...>....#........##...#......
...##.......#........#..[[#..##'#
.#..##....^.#.|......#....####...


You could see a fire giant (strong), 3 two-headed ogres, an ogre and Jeschemp's
ghost.

Vanquished Creatures
  Gastronok (D:12)
  A tengu reaver (D:14)
  A fire giant (D:15)
  A reaper (IceCv)
  Azrael (D:12)
  An ettin (D:14)
  A fire dragon (D:12)
  A vault guard (D:14)
  5 boulder beetles
  2 ogre magi
  9 hydras
  10 centaur warriors
  11 two-headed ogres
  2 death knights (D:14)
  3 catoblepae
  8 tengu warriors
  17 death yaks
  3 orc high priests (Orc:2)
  Urug (D:13)
  A deep elf knight (D:12)
  A skeletal warrior (D:12)
  An iron troll (D:14)
  Nergalle (Lair:2)
  2 gelid demonspawn (Orc:2)
  An infernal demonspawn (Orc:2)
  2 wizards (D:14)
  A lindwurm (shapeshifter) (D:14)
  8 orc knights
  A lindwurm (Lair:6)
  6 deep elf pyromancers
  16 ugly things
  8 orc sorcerers (Orc:2)
  14 cyclopes
  2 wolf spiders
  An oklob plant (Orc:2)
  5 manticores
  5 black mambas (Lair:6)
  Maurice (Orc:1)
  15 elephants
  14 cane toads
  A cane toad (shapeshifter) (D:14)
  2 gargoyles
  2 ice statues (IceCv)
  3 rust devils (Orc:2)
  A torpor snail (Lair:6)
  4 efreet
  2 kobold demonologists
  2 freezing wraiths
  9 komodo dragons
  2 yaktaurs
  3 anaconda simulacra (IceCv)
  An entropy weaver simulacrum (IceCv)
  A tengu conjurer (D:14)
  4 rime drakes
  6 ice devils (IceCv)
  A meliai (D:14)
  4 polar bears
  9 trolls
  2 raiju (shapeshifter) (D:14)
  Grinder (D:5)
  2 slime creatures
  14 dream sheep (Lair:6)
  12 blink frogs
  A shadow (D:9)
  3 redbacks (Lair:3)
  A vampire (D:10)
  4 wyverns
  A ynoxinul (Orc:2)
  2 wraiths
  9 basilisks
  41 yaks
  A golden eye (Lair:2)
  4 fire elementals
  Eustachio (D:6)
  2 death yak simulacra (IceCv)
  15 vampire mosquitoes
  A chaos spawn (Orc:2)
  Menkaure (D:5)
  A steam dragon (D:8)
  4 wargs
  A naga (shapeshifter) (D:14)
  2 hell hounds
  2 acid dragons
  17 water moccasins
  Duvessa (D:5)
  26 orc warriors
  9 ogres
  3 black bears
  2 ice beasts
  3 boggarts (D:14)
  13 wolves
  12 centaurs
  4 kobold brigands
  13 bullfrogs
  Dowan (D:5)
  3 scorpions
  A two-headed ogre simulacrum (IceCv)
  A hornet simulacrum (D:14)
  4 wights (D:10)
  An electric eel (Lair:6)
  5 centaur zombies
  9 howler monkeys
  2 hounds
  A jelly (D:6)
  20 orc priests
  A bullfrog skeleton (D:5)
  Ijyb (D:3)
  2 iguanas
  Natasha (D:2)
  11 orc wizards
  10 hell rats
  A troll simulacrum (IceCv)
  4 spriggan simulacra (IceCv)
  A polar bear simulacrum (IceCv)
  A wolf simulacrum (IceCv)
  2 howler monkey zombies
  Robin (D:3)
  6 gnolls
  A naga simulacrum (IceCv)
  6 river rats (D:7)
  9 adders
  2 shadow imps (D:6)
  2 white imps
  7 ufetubi (IceCv)
  4 worms
  4 dart slugs
  52 orcs
  2 bats
  3 endoplasms
  2 giant cockroaches (D:3)
  19 goblins
  12 hobgoblins
  6 jackals
  28 kobolds
  9 quokkas
  10 ball pythons
  A frilled lizard (D:2)
  24 rats
  A fungus (D:9)
  A plant (D:9)
768 creatures vanquished.

Vanquished Creatures (others)
  An ufetubus (IceCv)
  An orc (D:12)
  46 fungi
  71 plants
119 creatures vanquished.

Grand Total: 887 creatures vanquished

Notes
Turn   | Place    | Note
-------+----------+-------------------------------------------
     0 | D:1      | iamoutofideas the Hill Orc Gladiator began the quest for
                  | the Orb.
     0 | D:1      | Reached XP level 1. HP: 18/18 MP: 1/1
   321 | D:1      | Reached XP level 2. HP: 25/25 MP: 2/2
   609 | D:1      | Found a faded altar of an unknown god.
   639 | D:1      | Reached skill level 5 in Axes
   925 | D:2      | Reached XP level 3. HP: 24/30 MP: 3/3
  1746 | D:2      | Reached skill level 6 in Axes
  1892 | D:3      | Noticed Robin
  1892 | D:3      | Noticed Natasha
  1906 | D:2      | Reached XP level 4. HP: 24/37 MP: 4/4
  2071 | D:3      | Killed Robin
  2083 | D:2      | Killed Natasha
  2084 | D:2      | Reached skill level 7 in Axes
  2428 | D:3      | Found a snail-covered altar of Cheibriados.
  2630 | D:3      | Reached XP level 5. HP: 42/42 MP: 5/5
  2825 | D:3      | Noticed Ijyb
  2826 | D:3      | HP: 2/42 [Ijyb/bolt of acid (40)]
  3145 | D:3      | HP: 1/63 [Ijyb (3)]
  3147 | D:3      | Killed Ijyb
  3482 | D:3      | Found a basalt altar of Yredelemnul.
  3687 | D:4      | Reached skill level 8 in Axes
  3770 | D:4      | Noticed an ogre
  3783 | D:4      | Killed an ogre
  3784 | D:4      | Reached XP level 6. HP: 20/50 MP: 6/6
  3786 | D:4      | Reached skill level 9 in Axes
  4328 | D:4      | Found a bloodstained altar of Trog.
  4503 | D:5      | Entered Level 5 of the Dungeon
  4609 | D:5      | Reached skill level 10 in Axes
  4609 | D:5      | Reached XP level 7. HP: 26/56 MP: 7/7
  5056 | D:5      | Reached skill level 11 in Axes
  5401 | D:5      | Noticed Dowan
  5895 | D:5      | Noticed Grinder
  5959 | D:5      | Reached skill level 12 in Axes
  5959 | D:5      | Reached XP level 8. HP: 36/62 MP: 8/8
  6089 | D:6      | Found Pufuigg's Antique Weapon Shoppe.
  6301 | D:6      | Noticed Eustachio
  6336 | D:6      | Killed Eustachio
  6337 | D:6      | Reached skill level 13 in Axes
  6868 | D:6      | Found a staircase to the Ecumenical Temple.
  7007 | D:6      | Reached skill level 14 in Axes
  7130 | Temple   | Entered the Ecumenical Temple
  7500 | Temple   | Became a worshipper of Gozag Ym Sagoz the Greedy
  7980 | D:5      | Noticed Duvessa
  7991 | D:5      | Killed Duvessa
  7992 | D:5      | Reached XP level 9. HP: 43/68 MP: 9/9
  7998 | D:5      | Killed Dowan
  8171 | D:5      | Noticed Menkaure
  8180 | D:5      | Killed Menkaure
  8181 | D:5      | Reached skill level 15 in Axes
  8184 | D:5      | Killed Grinder
  8969 | D:7      | Reached skill level 16 in Axes
  8977 | D:7      | Found a flagged portal.
  9004 | Bailey   | Entered a bailey
  9575 | Bailey   | Noticed an orc knight
  9575 | Bailey   | Noticed an orc knight
  9600 | Bailey   | Killed an orc knight
  9601 | Bailey   | Reached skill level 17 in Axes
  9626 | Bailey   | Killed an orc knight
  9627 | Bailey   | Reached XP level 10. HP: 58/74 MP: 10/10
  9637 | Bailey   | Reached skill level 18 in Axes
  9807 | Bailey   | Got the Almanac of Necromancy
 10833 | D:8      | Noticed a brown ugly thing
 10859 | D:7      | Killed a brown ugly thing
 11263 | D:8      | Reached skill level 19 in Axes
 11263 | D:8      | Noticed a gargoyle
 12090 | D:8      | Killed a gargoyle
 12272 | D:8      | Found a sparkling altar of Nemelex Xobeh.
 12617 | D:9      | Reached skill level 1 in Armour
 12715 | D:9      | Found a staircase to the Lair.
 13467 | D:9      | Reached XP level 11. HP: 75/85 MP: 11/11
 13590 | D:9      | Reached skill level 5 in Fighting
 14179 | D:10     | Entered Level 10 of the Dungeon
 14683 | D:10     | HP: 1/132 [something (8)]
 15439 | D:10     | Found Ruproase's General Store.
 15593 | D:11     | Noticed a cyclops
 15621 | D:11     | Killed a cyclops
 15817 | D:11     | Noticed a two-headed ogre
 15825 | D:11     | Killed a two-headed ogre
 16090 | D:11     | Noticed a brown ugly thing
 16090 | D:11     | Noticed a green ugly thing
 16773 | D:11     | Killed a brown ugly thing
 17257 | D:11     | Reached skill level 5 in Armour
 18949 | D:12     | Noticed a deep elf knight
 18949 | D:12     | Noticed a seven-headed hydra
 18949 | D:12     | Noticed a manticore
 18949 | D:12     | Noticed a centaur warrior
 19137 | D:10     | Killed a brown ugly thing
 19297 | Lair:1   | Entered Level 1 of the Lair of Beasts
 19323 | Lair:1   | Reached skill level 5 in Dodging
 19558 | Lair:1   | Noticed an eight-headed hydra
 20049 | D:12     | HP: 2/95 [something/shard of ice (22)]
 20059 | D:12     | Killed a deep elf knight
 20128 | D:12     | Found a staircase to the Orcish Mines.
 20132 | D:12     | Noticed Azrael
 20192 | D:12     | Noticed a cyclops
 20318 | D:12     | Killed a cyclops
 20319 | D:12     | Reached XP level 12. HP: 69/105 MP: 12/12
 20461 | D:12     | Noticed a fire dragon
 20649 | D:12     | Found a sacrificial altar of Ru.
 20778 | D:12     | Reached skill level 10 in Fighting
 20867 | D:12     | Noticed a tengu warrior
 20882 | D:12     | Killed a tengu warrior
 21110 | D:11     | Killed a one-headed hydra
 21363 | D:12     | Noticed a centaur warrior
 21567 | D:12     | Killed a centaur warrior
 21568 | D:12     | Reached skill level 1 in Long Blades
 21604 | D:12     | Noticed Gastronok
 22022 | D:9      | Killed a one-headed hydra
 22878 | Lair:1   | Found the +8 frozen axe "Frostbite" {freezing cloud, *Noise
                  | Fly rC+}
 23069 | D:12     | Killed Azrael
 23126 | D:12     | Killed a fire dragon
 23127 | D:12     | Reached skill level 10 in Armour
 23127 | D:12     | Reached XP level 13. HP: 88/117 MP: 13/13
 23172 | D:12     | Killed Gastronok
 23195 | D:12     | Reached skill level 20 in Axes
 24594 | Lair:2   | Noticed Sonja
 24605 | Lair:2   | Noticed Sonja
 24605 | Lair:2   | Sonja changed into Sonja the golden eye
 24607 | Lair:2   | Killed Sonja the golden eye
 25125 | Lair:2   | Noticed Nergalle
 25130 | Lair:2   | Killed Nergalle
 25131 | Lair:2   | Reached skill level 21 in Axes
 25605 | Lair:3   | Found a frozen archway.
 25643 | IceCv    | Entered an ice cave
 25682 | IceCv    | Reached skill level 22 in Axes
 25868 | IceCv    | Noticed a reaper
 25900 | IceCv    | Killed a reaper
 26120 | IceCv    | Learned a level 2 spell: Blink
 26124 | IceCv    | Learned a level 3 spell: Mephitic Cloud
 26163 | Lair:3   | Found a staircase to the Shoals.
 26374 | Lair:3   | Reached skill level 23 in Axes
 26376 | Lair:3   | Reached XP level 14. HP: 96/125 MP: 14/14
 26483 | Lair:3   | Found a hole to the Spider Nest.
 27366 | Lair:4   | Reached skill level 24 in Axes
 28292 | Lair:5   | Identified the +1 battleaxe of Disintegration {flame, rC+
                  | Str-3 Int+3}
 29056 | Lair:6   | Entered Level 6 of the Lair of Beasts
 29330 | Lair:6   | Reached XP level 15. HP: 133/138 MP: 15/15
 29577 | Lair:6   | Reached skill level 15 in Fighting
 29727 | Lair:6   | Found a runed translucent door.
 29727 | Lair:6   | Found a viscous altar of Jiyva.
 29738 | Lair:6   | Found a staircase to the Slime Pits.
 30198 | Lair:6   | Got the Almanac of Freezing Air
 30972 | D:9      | Identified a scroll of acquirement
 30976 | D:9      | Acquired a +3 vampiric battleaxe
 31162 | Orc:1    | Entered Level 1 of the Orcish Mines
 31186 | Orc:1    | Noticed Maurice
 31195 | Orc:1    | Killed Maurice
 31468 | Orc:2    | Entered Level 2 of the Orcish Mines
 31589 | Orc:2    | Found a staircase to the Elven Halls.
 31644 | Orc:2    | Found Lialatte's General Store.
 31645 | Orc:2    | Found Jaufratu's General Store.
 32615 | D:9      | Bought a pair of heavily runed gloves for 275 gold pieces
 32615 | D:9      | Identified the +0 pair of gloves "Fabihu Xucu" {Will++
                  | Str+2} (You bought it in a shop on level 9 of the Dungeon)
 32615 | D:9      | Bought a jewelled cloak for 275 gold pieces
 32615 | D:9      | Identified the +1 cloak of Limited Liability {rC+ Will+
                  | Str+4} (You bought it in a shop on level 9 of the Dungeon)
 32617 | D:9      | Bought a scroll of immolation for 56 gold pieces
 32617 | D:9      | Gained mutation: Armour fits poorly on your strangely
                  | shaped body. [potion of mutation]
 32617 | D:9      | Gained mutation: You have a pair of small horns on your
                  | head. [potion of mutation]
 32617 | D:9      | Gained mutation: Your muscles are strong. (Str +2) [potion
                  | of mutation]
 33035 | Orc:2    | Found Xuzovi's Book Boutique.
 33035 | Orc:2    | Found Qaecu's Antique Armour Shop.
 33036 | Orc:2    | Found a one-way gate leading to the halls of Pandemonium.
 33454 | D:13     | Reached XP level 16. HP: 125/155 MP: 16/16
 33901 | D:13     | Noticed Urug
 33910 | D:13     | Killed Urug
 33911 | D:13     | Reached skill level 15 in Armour
 34370 | D:14     | Identified the +7 great mace of Infinity {flame, rPois rF+}
 34371 | D:14     | Noticed Jeschemp's ghost (journeyman MiBe)
 34434 | D:14     | Found a transporter.
 34449 | D:14     | Found a portal to a secret trove of treasure.
 34599 | D:14     | Noticed a tengu reaver
 34616 | D:14     | Killed a tengu reaver
 34939 | D:14     | Identified the +10 quarterstaff of Youthful Indiscretion
                  | {vorpal, rPois rF+ rC-}
 35575 | D:14     | Found a gate to the Vaults.
 35652 | D:15     | Entered Level 15 of the Dungeon
 35683 | D:15     | Reached XP level 17. HP: 26/170 MP: 17/17
 35842 | D:15     | Identified the +12 glaive of Decsoomyn {freeze, Will+}
 36143 | D:15     | Found a staircase to the Depths.
 36561 | D:14     | Found a transporter.
 36572 | D:14     | HP: 3/170 [two-headed ogre (17)]
 36573 | D:14     | Mangled by a two-headed ogre

Illustrated notes

Levels and vault maps discovered:
D:1:      minmay_arrival_semitransparent, layout_loops_corners,
          ebering_ecumenical_altar_box, chequers_garden
D:2:      layout_basic, corexii_item_surrounded_by_moat, serial_park_tiny_2
D:3:      layout_rooms, pf_just_have_faith, mainiacjoe_overflow_brackets,
          minmay_box_of_dots, uniq_ijyb, uniq_natasha, uniq_robin
D:4:      layout_cave_pools, trog_three_pillars_becter,
          hangedman_decor_clover_reticule
D:5:      layout_basic, st_stairs_12, minmay_misc_feat_rows, uniq_grinder,
          uniq_menkaure, uniq_duvessa
D:6:      layout_basic, temple_hall, serial_shops, shop, uniq_eustachio
D:7:      lemuel_ratsnest, layout_basic, enter_bailey_4
D:8:      layout_loops_ring, nemelex_xobeh_ov_fountains_minmay
D:9:      layout_layer_cave, due_lair_maze_entry_diamond, dk_rats_in_the_wall
D:10:     layout_irregular_city, serial_shops, kennysheep_little_box
D:11:     layout_stronghold
D:12:     minmay_crescents, layout_basic, david_orc_2,
          nicolae_ru_sacrificial_ziggurat, uniq_azrael, uniq_gastronok
D:13:     layout_loops_ring, uniq_urug
D:14:     minmay_heptahexagon, layout_irregular_city, david_vaults_4,
          gammafunk_ghost_smash, nicolae_wwwww, nicolae_trove_entry_free_sample,
          billiards_dpeg
D:15:     grunt_enter_depths_giant_problem, layout_long_grid, minivault_11
Temple:   hc_temple_tempest_star
Lair:1:   layout_cave_pods, serial_bayou_shore_a
Lair:2:   layout_cave_pods, uniq_sonja, uniq_nergalle
Lair:3:   layout_gridlike, shoals_dummy_entry, spider_nest_entry_funnel_web,
          portal_ice_cave_entry_pillars_1, grunt_forest_small_clearings
Lair:4:   layout_concentric_octagons, infiniplex_staircase_pool_2
Lair:5:   layout_concentric_octagons, grunt_megastairs_1
Lair:6:   hangedman_lair_in_review, layout_cellular_growth, slime_altar_2,
          serial_bayou_lagoon_a, nicolae_quartered_pool_little,
          cheibrodos_lair_lostbears
Orc:1:    layout_diamond_mine, uniq_maurice
Orc:2:    pf_orc_diabolical, layout_caves, mines3_lemuel

Skill      XL: |  1  2  3  4  5  6  7  8  9 10 11 12 13 14 15 16 17 |
---------------+----------------------------------------------------+-----
Axes           | 5 6 7 8 10 12 14 17 19 23 24 | 24.0
Armour         | 3 6 10 12 14 16 | 16.6
Fighting       | 4 9 11 14 17 19 20 | 20.0
Dodging        | 3 5 6 |  6.0
Long Blades    | 2 |  2.9
Throwing       | |  1.7

Action                   |  1- 3 |  4- 6 |  7- 9 | 10-12 | 13-15 | 16-18 || total
-------------------------+-------+-------+-------+-------+-------+-------++-------
Melee: War axe           |    75 |   145 |   295 |   692 |       |       ||  1207
       Scimitar          |       |       |       |    23 |       |       ||    23
       Executioner's axe |       |       |       |    18 |   673 |   101 ||   792
       Headbutt          |       |       |       |       |     9 |    99 ||   108
       Battleaxe         |       |       |       |       |       |   237 ||   237
Invok: Potion Petition   |       |       |       |     6 |     3 |     1 ||    10
       Call Merchant     |       |       |       |       |     3 |       ||     3
Evoke: Wand              |       |       |    12 |    10 |     5 |     4 ||    31
       Condenser vane    |       |       |       |       |       |     1 ||     1
  Use: Scroll            |       |     4 |     8 |    11 |    16 |     4 ||    43
       Potion            |       |     2 |     6 |    10 |     4 |     1 ||    23
 Stab: Sleeping          |       |     1 |       |       |       |       ||     1
       Distracted        |       |       |     1 |     5 |     5 |     5 ||    16
Armor: Leather armour    |    20 |     3 |    60 |   152 |       |       ||   235
       Animal skin       |       |    48 |    63 |       |       |       ||   111
       Skin              |       |       |    17 |    38 |       |       ||    55
       Chain mail        |       |       |       |   102 |       |       ||   102
       Plate armour      |       |       |       |    85 |   281 |   203 ||   569
       Ice dragon scales |       |       |       |       |    28 |       ||    28
Dodge: Dodged            |    61 |    99 |   233 |   397 |   193 |   180 ||  1163

Table legend: (Time is in decaauts)
 A = Elapsed time spent in this place.
 B = Non-inter-level travel time spent in this place.
 C = Inter-level travel time spent in this place.
 D = Time resting spent in this place.
 E = Time spent auto-exploring this place.
 F = Levels seen in this place.
 G = Mean time per level.
                   A        B        C        D        E       F      G
               +--------+--------+--------+--------+--------+-----+--------+
         Total |  36247 |  32448 |   3799 |   9878 |  16907 |  26 | 1394.1 |
       Dungeon |  25576 |  22756 |   2820 |   8505 |  10428 |  15 | 1705.1 |
        Temple |    423 |    391 |     32 |      0 |    371 |   1 |  423.0 |
          Lair |   7090 |   6380 |    710 |    433 |   4908 |   6 | 1181.7 |
  Orcish Mines |   1855 |   1620 |    235 |    325 |    937 |   2 |  927.5 |
        Bailey |    845 |    845 |      0 |    500 |    161 |   1 |  845.0 |
      Ice Cave |    456 |    456 |      0 |    114 |    100 |   1 |  456.0 |
               +--------+--------+--------+--------+--------+-----+--------+

Top non-repeatable levels by time:
    D:11: 4147 daAuts
    D:12: 2454 daAuts
     D:9: 2142 daAuts
     D:7: 2133 daAuts
     D:2: 1966 daAuts
    D:10: 1861 daAuts
     D:4: 1725 daAuts
  Lair:6: 1672 daAuts
     D:5: 1600 daAuts
  Lair:1: 1487 daAuts
   Orc:2: 1486 daAuts
     D:6: 1443 daAuts
     D:8: 1437 daAuts
    D:14: 1232 daAuts
  Lair:2: 1093 daAuts
